 Dungeon Crawl Stone Soup version 0.17.2-1-ge4368a0 (webtiles) character file.

453 Goblin1989 the Basher (level 7, -2/75 HPs)
             Began as an Ogre Gladiator on Aug 30, 2016.
             Slain by a centaur skeleton (4 damage)
             ... on level 4 of the Dungeon.
             The game lasted 00:08:20 (2491 turns).

Goblin1989 the Basher (Ogre Gladiator)              Turns: 2491, Time: 00:08:20

Health: -2/75      AC:  4    Str: 22    XL:     7   Next: 5%
Magic:  7/7        EV: 10    Int:  7    God:
Gold:   167        SH:  0    Dex: 11    Spells: 0 memorised, 6 levels left

rFire  . . .     SeeInvis .     a - +0 flail
rCold  . . .     Clarity  .     b - +0 robe
rNeg   . . .     SustAt   .     (no shield)
rPois  .         Gourm    .     c - +0 hat
rElec  .         Spirit   .     s - +0 cloak
rCorr  .         Warding  .     (gloves unavailable)
rMut   .         Stasis   .     (boots unavailable)
MR     .....                    (no amulet)
Stlth  ++........               (no ring)
                                j - ring of stealth

@: hasted, very quick, not resistant to hostile enchantments, unstealthy
A: unfitting armour, tough skin 1
a: no special abilities


You were on level 4 of the Dungeon.
You were not hungry.

You visited 1 branch of the dungeon, and saw 4 of its levels.

You collected 167 gold pieces.

Inventory:

Hand Weapons
 a - a +0 flail (weapon)
 w - a +0 giant spiked club
Missiles
 d - 2 throwing nets (quivered)
Armour
 b - a +0 robe (worn)
 c - a +0 hat (worn)
 s - a +0 cloak (worn)
Jewellery
 j - a ring of stealth (left hand)
Wands
 v - a wand of cold (5)
Scrolls
 f - 5 scrolls of identify {unknown}
 h - a scroll of enchant weapon {unknown}
 k - a scroll of magic mapping {unknown}
 l - 4 scrolls of amnesia {unknown}
 m - 3 scrolls of fog {unknown}
 n - 5 scrolls of remove curse {unknown}
 o - 4 scrolls of enchant armour {unknown}
 x - 2 scrolls of teleportation {unknown}
Potions
 p - 2 potions of haste
 r - a potion of might {unknown}
 t - a potion of flight {unknown}
 u - a potion of heal wounds {unknown}
Comestibles
 e - a bread ration
 g - a meat ration
 i - 2 slices of pizza
 q - a beef jerky
 A - a royal jelly


   Skills:
 + Level 6.0 Fighting
 * Level 8.1 Maces & Flails
 - Level 2.0 Throwing
 + Level 1.3 Armour
 - Level 2.6 Dodging


You had 6 spell levels left.
You didn't know any spells.

Dungeon Overview and Level Annotations

Branches:
Dungeon (4/15)
 Temple: D:4-7

Altars:
Elyvilon
Kikubaaqudgha
Nemelex Xobeh
The Shining One

Annotations:
D:4 exclusion: 2 slaves


Innate Abilities, Weirdness & Mutations

You are too large for most types of armour.
You have tough skin (AC +1).


Message History

The orc completely misses you. The centaur skeleton misses you.
The ball python skeleton barely misses you.
MP restored: 7 You thump the centaur skeleton!
The centaur skeleton hits you but does no damage.
The orc closely misses you.
The ball python skeleton completely misses you.
The centaur skeleton hits you.
* * * LOW HITPOINT WARNING * * *
A water moccasin skeleton comes into view.
You take 5 damage, and have 8/75 hp.
You hit the centaur skeleton.
The ball python skeleton barely misses you.
The orc barely misses you. The centaur skeleton hits you.
* * * LOW HITPOINT WARNING * * *
You take 6 damage, and have 2/75 hp.
Drink which item? (? for menu, Esc to quit)
It was a potion of haste.
You feel yourself speed up. The centaur skeleton hits you.
You die...

#.#. #. #.
#.#..#Z .#...
....#. .#.. #....
...# #..#(###.#.#
#..........
#.†ZZ.# #.o@..#
##.# #>....# #...
###.....# ....
#.......#
..##.#.#.###
#...#...### #
###...###...#
#.#...........#
#.........##..###
###


You could see an orc, a ball python skeleton, a water moccasin skeleton and a
centaur skeleton.

Vanquished Creatures
  Menkaure (D:4)
  An ogre (D:4)
  A hound (D:4)
  An orc priest (D:4)
  2 orc wizards
  2 worker ants
  5 adders
  An ooze (D:3)
  2 giant geckos (D:3)
  6 orcs
  7 bats
  3 giant cockroaches (D:1)
  8 goblins
  5 hobgoblins
  6 jackals
  A quokka (D:3)
  2 ball pythons
  A giant newt (D:1)
  3 kobolds
  9 rats
67 creatures vanquished.

Notes
Turn   | Place    | Note
--------------------------------------------------------------
     0 | D:1      | Goblin1989 the Ogre Gladiator began the quest for the Orb.
     0 | D:1      | Reached XP level 1. HP: 22/22 MP: 1/1
   119 | D:1      | Reached XP level 2. HP: 21/29 MP: 2/2
   440 | D:1      | Reached skill level 5 in Maces & Flails
   615 | D:2      | Reached XP level 3. HP: 37/37 MP: 3/3
   675 | D:2      | Found a glowing golden altar of the Shining One.
   765 | D:2      | Found a sparkling altar of Nemelex Xobeh.
   836 | D:2      | Found a glowing golden altar of the Shining One.
  1114 | D:2      | Found a white marble altar of Elyvilon.
  1188 | D:3      | Reached XP level 4. HP: 30/48 MP: 4/4
  1422 | D:3      | Found an ancient bone altar of Kikubaaqudgha.
  1532 | D:3      | Reached skill level 6 in Maces & Flails
  2019 | D:3      | Reached XP level 5. HP: 51/55 MP: 5/5
  2086 | D:4      | Noticed a slave
  2086 | D:4      | Noticed a slave
  2139 | D:4      | Noticed an ogre
  2157 | D:4      | Killed an ogre
  2157 | D:4      | Reached skill level 5 in Fighting
  2177 | D:4      | Reached skill level 7 in Maces & Flails
  2240 | D:4      | Reached XP level 6. HP: 66/66 MP: 6/6
  2244 | D:4      | Noticed Menkaure
  2252 | D:4      | Killed Menkaure
  2252 | D:4      | Reached skill level 1 in Armour
  2483 | D:4      | Reached skill level 8 in Maces & Flails
  2488 | D:4      | Reached XP level 7. HP: 13/75 MP: 7/7
  2490 | D:4      | HP: 2/75 [centaur skeleton (6)]
  2491 | D:4      | Slain by a centaur skeleton

Action                   |  1- 3 |  4- 6 |  7- 9 || total
-------------------------+-------+-------+-------++-------
Melee: Flail             |    64 |   106 |     2 ||   172
Throw: Throwing net      |       |     1 |       ||     1
  Use: Potion            |       |       |     1 ||     1
 Stab: Sleeping          |     6 |     4 |       ||    10
  Eat: Chunk             |       |     5 |       ||     5
